 Dungeon Crawl Stone Soup version 0.29.1-12-g30fa7ad0bf (webtiles) character file.

Game seed: 15480268902596127822

14 hawla the Firebug (level 2, -10/20 HPs)
             Began as a Meteoran Fire Elementalist on Jan 13, 2023.
             Mangled by an ogre
             ... wielding a +0 giant club
              (25 damage)
             ... on level 4 of the Dungeon.
             The game lasted 00:01:25 (148 turns).

hawla the Firebug (Meteoran Fire Elementalist)       Turns: 148, Time: 00:01:26

Health: -10/20     AC:  2    Str:  9    XL:     2   Next: 76%
Magic:  1/6        EV: 12    Int: 16    God:
Gold:   32         SH:  0    Dex: 14    Spells: 5/6 levels left

rFire   . . .      SeeInvis .   (no weapon)
rCold   . . .      Faith    .   (no shield)
rNeg    . . .      Spirit   .   a - +0 robe
rPois   .          Reflect  .   (no helmet)
rElec   .          Harm     .   (no cloak)
rCorr   .          Rampage  .   (no gloves)
Will    .....                   (no boots)
Stlth   +.........              (no amulet)
HPRegen 0.06/turn               (no ring)
MPRegen 0.10/turn               (no ring)

@: glowing
A: sense surroundings 1, otherworldly, glowing, explore regen
a: no special abilities


You were on level 4 of the Dungeon.
You visited 1 branch of the dungeon, and saw 4 of its levels.

You collected 32 gold pieces.

Inventory:

Armour
 a - a +0 robe (worn)
Scrolls
 g - a scroll of brand weapon {unknown}
Potions
 b - a potion of magic
 c - a potion of berserk rage
 e - a potion of curing {unknown}


   Skills:
 + Level 2.6 Dodging
 - Level 1.4 Stealth
 + Level 2.9 Spellcasting
 + Level 1.3 Conjurations
 + Level 4.2 Fire Magic


You had 5 spell levels left.
You knew the following spells:

 Your Spells              Type           Power      Damage    Failure   Level
a - Foxfire               Conj/Fire      44%        2x1d6     6%          1

Your spell library contained the following spells:

 Spells                   Type           Power      Damage    Failure   Level
 Scorch                   Fire           30%        2d6       4%          2
 Conjure Flame            Conj/Fire      11%        6-21      19%         3
 Inner Flame              Hex/Fire       9%         N/A       24%         3
 Flame Wave               Conj/Fire      11%        2d6       52%         4


Dungeon Overview and Level Annotations

Branches:
Dungeon (4/15) Zot: 2251
 Temple: D:4-7

Altars:

Annotations:
D:4 1 runed translucent door


Innate Abilities, Weirdness & Mutations

You passively map a small area around you.
You are easily found by Zot.
You glow in the dark.
You regain HP and MP as you explore.


Message History

Confirm with . or Enter, or press ? or * to list all spells.
You don't know that spell.
As you read the scroll labelled YLUWIU IROHUIJ, it crumbles to dust.
You hear a loud clanging noise!
It was a scroll of noise.
The air fills with toxic fumes!
As you read the scroll labelled HAC COPRUCKUXE, it crumbles to dust.
It was a scroll of poison.
The ogre closely misses you.
An endoplasm comes into view.
Casting: Foxfire (safe; 6% risk of failure)
Confirm with . or Enter, or press ? or * to list all spells.
You conjure some foxfire!
Casting: Foxfire (safe; 6% risk of failure)
Confirm with . or Enter, or press ? or * to list all spells.
You conjure some foxfire!
The foxfire hits the ogre.
The ogre is lightly wounded.
The ogre closely misses you.
Casting: Foxfire (safe; 6% risk of failure)
Confirm with . or Enter, or press ? or * to list all spells.
You conjure some foxfire!
The ogre barely misses you.
The foxfire hits the ogre.
The ogre is lightly wounded.
The foxfire hits the ogre.
The ogre is moderately wounded.
The foxfire hits the ogre.
The ogre is severely wounded.
The foxfire hits the ogre.
The ogre is severely wounded.
The foxfire hits the ogre.
The ogre is almost dead.
Casting: Foxfire (safe; 6% risk of failure)
Confirm with . or Enter, or press ? or * to list all spells.
You conjure some foxfire!
The ogre hits you with a +0 giant club.
Casting: Foxfire (safe; 6% risk of failure)
Confirm with . or Enter, or press ? or * to list all spells.
You conjure some foxfire!
The foxfire hits the endoplasm.
The endoplasm is heavily wounded.
The ogre hits you with a +0 giant club!!
Ouch! That really hurt!
You die...

*##..<#..#
#.# #.##.#
...........#
#.###.##.#
*###....#####
#........#
#....#
#####.#####
##+##*
#§§......#
#.~.
#§##.###.#
#.~. * #§##.#
#.~. , #vv#§#
* * #@v§☼# ,
+ , +§§OJ§§☼#
, * ,
###§§§§§# *
,, #§§§§§§§ ,
#§####### * ,
* #☼* * #§ #§
*


You could see an ogre (ally target) and an endoplasm.

Vanquished Creatures
  An adder (D:2)
  A ball python (D:2)
  A giant cockroach (D:3)
  A goblin (D:2)
  A kobold (D:3)
5 creatures vanquished.

Vanquished Creatures (others)
  21 foxfires
21 creatures vanquished.

Grand Total: 26 creatures vanquished

Notes
Turn   | Place    | Note
-------+----------+-------------------------------------------
     0 | D:1      | hawla the Meteoran Fire Elementalist began the quest for
                  | the Orb.
     0 | D:1      | Reached XP level 1. HP: 14/14 MP: 5/5
     7 | D:2      | Reached skill level 4 in Fire Magic
     7 | D:2      | Reached XP level 2. HP: 14/20 MP: 1/6
    95 | D:4      | Found a runed translucent door.
   140 | D:4      | Noticed an ogre
   148 | D:4      | Mangled by an ogre

Illustrated notes

Levels and vault maps discovered:
D:1:      dpeg_arrival_pits, layout_loops_ring, hangedman_decor_growths,
          minmay_pentomino_t2
D:2:      layout_rooms, serial_shops, shop
D:3:      layout_basic, mainiacjoe_overflow_24_doors,
          cheibrodos_sewer_entry_drain, ebering_ghost_reflecting_pool
D:4:      layout_loops_corners, trog_ov_bears_minmay,
          ebering_ghost_reflecting_pool, minmay_circle_x

Skill      XL: |  1 |
---------------+----+-----
Fire Magic     | 4 |  4.2
Dodging        | |  2.6
Stealth        | |  1.4
Spellcasting   | |  2.9
Conjurations   | |  1.3

Action                   || total
-------------------------++-------
Melee: Unarmed           ||     2
 Cast: Foxfire           ||    14
  Use: Scroll            ||     3
Armor: Robe              ||     1
Dodge: Dodged            ||     6
